 Dungeon Crawl Stone Soup version 0.29-a0-504-gec6baf379c (webtiles) character file.

Game seed: 14373874056778606317

9459 Bruhh the Basher (level 11, 0/72 HPs)
             Began as a Gargoyle Fighter on May 28, 2022.
             Was a Priest of the Shining One.
             Slain by a gargoyle
             ... wielding a +2 mace of venom
              (12 damage)
             ... on level 10 of the Dungeon.
             The game lasted 00:17:40 (13155 turns).

Bruhh the Basher (Gargoyle Fighter)                Turns: 13155, Time: 00:17:41

Health: 0/72       AC: 20    Str: 24    XL:     11   Next: 46%
Magic:  18/18      EV:  8    Int:  9    God:    the Shining One [***...]
Gold:   1989       SH:  4    Dex:  9    Spells: 10/10 levels left

rFire   + . .      SeeInvis .   a - +0 flail
rCold   + + .      Faith    .   c - +0 buckler
rNeg    + + .      Spirit   .   d - +0 chain mail
rPois   ∞          Reflect  .   (helmet restricted)
rElec   +          Harm     .   o - scarf {rC+ rF+}
rCorr   .          Rampage  .   z - +1 pair of gloves
Will    .....      Clarity  +   (no boots)
Stlth   ..........              s - amulet of regeneration
HPRegen 1.02/turn               g - ring of protection from cold
MPRegen 0.16/turn               (no ring)

@: glowing, studying Evocations
A: sickness immunity, AC +8, negative energy resistance 1, electricity
resistance, torment resistance 1, petrification resistance, horns 1, clarity
a: Renounce Religion, Divine Shield, Cleansing Flame


You were on level 10 of the Dungeon.
You worshipped the Shining One.
The Shining One was most pleased with you.
You visited 2 branches of the dungeon, and saw 11 of its levels.

You collected 1989 gold pieces.

Inventory:

Hand Weapons
 a - a +0 flail (weapon)
Missiles
 r - 4 atropa-tipped darts (quivered)
 A - 9 poisoned darts
Armour
 b - a +0 scale mail
 c - a +0 buckler (worn)
 d - a +0 chain mail (worn)
 o - a scarf of resistance (worn)
 y - the +4 robe of Augmentation {Str+4 Int+4 Dex+4}
   (You found it on level 5 of the Dungeon)

   Str:       It affects your strength (+4).
   Int:       It affects your intelligence (+4).
   Dex:       It affects your dexterity (+4).
 z - a +1 pair of gloves (worn)
Jewellery
 g - a ring of protection from cold (left hand)
 n - a ring of protection from fire
 s - an amulet of regeneration (around neck)
 w - a ring of protection from fire
 B - a +4 ring of evasion
 C - a ring of fire
Wands
 k - a wand of digging (5)
 D - a wand of iceblast (3)
Scrolls
 e - a scroll of fear
 f - 2 scrolls of amnesia
 h - 4 scrolls of identify
 i - 7 scrolls of enchant armour
 j - 2 scrolls of brand weapon
 m - a scroll of magic mapping
 q - a scroll of vulnerability
 t - 2 scrolls of noise
 u - 6 scrolls of teleportation
 v - 2 scrolls of enchant weapon
 x - 2 scrolls of fog
Potions
 l - 2 potions of curing
 p - a potion of mutation


   Skills:
 - Level 10.0 Fighting
 + Level 11.4 Maces & Flails
 + Level 7.0 Armour
 - Level 3.2 Shields
 - Level 10.0 Invocations


You had 10 spell levels left.
You didn't know any spells.
Your spell library contained the following spells:

 Spells                   Type           Power      Damage    Failure   Level
 Freeze                   Ice            0%         1d3       97%         1
 Static Discharge         Conj/Air       0%         N/A       99%         2
 Frozen Ramparts          Ice            0%         1d2       100%        3
 Ozocubu's Armour         Ice            0%         N/A       100%        3
 Dispel Undead            Necr           0%         3d6       100%        4
 Hailstorm                Conj/Ice       0%         3d3       100%        4
 Olgreb's Toxic Radiance  Pois           0%         N/A       100%        4
 Petrify                  Tmut/Erth      0%         N/A       100%        4
 Sticky Flame             Conj/Fire      0%         2d3       100%        4
 Irradiate                Conj/Tmut      0%         3d13      100%        5
 Metabolic Englaciation   Hex/Ice        0%         N/A       100%        5
 Ozocubu's Refrigeration  Ice            0%         4d5       100%        7
 Ignition                 Fire           0%         3d3       100%        8
 Sublimation of Blood     Necr           Unusable   N/A       N/A         2
 Statue Form              Tmut/Erth      Unusable   N/A       N/A         6

Dungeon Overview and Level Annotations

Branches:
Dungeon (10/15)            Temple (1/1) D:4            Lair (0/6) D:9
    Orc: D:9-12

Altars:
Dithmenos
Elyvilon
Hepliaklqana
Kikubaaqudgha
Nemelex Xobeh
Uskayaw
Wu Jian
Zin
The Shining One

Shops:
D:10 ?


Innate Abilities, Weirdness & Mutations

You are immune to sickness and miasma.
Your stone body is resilient. (AC +8)
You are immune to poison.
You resist negative energy. (rN+)
You are resistant to electric shocks. (rElec)
You are resistant to unholy torment.
You are immune to petrification.
You have a pair of small horns on your head.
You possess an exceptional clarity of mind.


Message History

The gargoyle hurls a stone arrow at you.
The stone arrow hits you!!
You hit the gargoyle but do no damage. You headbutt the gargoyle.
The gargoyle is lightly damaged.
The gargoyle hurls a stone arrow at you.
The stone arrow hits you but does no damage.
You hit the gargoyle.
You headbutt the gargoyle, but do no damage.
The gargoyle is moderately damaged.
The gargoyle hits you with a +2 mace of venom!
You sock the gargoyle!
You headbutt the gargoyle, but do no damage.
The gargoyle is heavily damaged.
The gargoyle hurls a stone arrow at you.
The stone arrow hits you!!
* * * LOW HITPOINT WARNING * * *
You are too injured to fight recklessly!
You are too injured to fight recklessly!
You hit the gargoyle but do no damage.
You headbutt the gargoyle, but do no damage.
The gargoyle is heavily damaged.
The gargoyle barely misses you.
You hit the gargoyle but do no damage.
The gargoyle is heavily damaged.
The gargoyle hits you with a +2 mace of venom!
* * * LOW HITPOINT WARNING * * *
Unknown command.
Okay, then.
You can't see any enemies this would affect, really read the scroll of fear?
Okay, then.
You feel better.
The gargoyle hurls a stone arrow at you.
The stone arrow hits you!
* * * LOW HITPOINT WARNING * * *
You feel better.
The gargoyle hits you with a +2 mace of venom!
* * * LOW HITPOINT WARNING * * *
You feel better.
The gargoyle hits you with a +2 mace of venom!
You die...

#..## #..## ##.##
##### #...# ##..#
###.... #..##
#..## #......##
##..# ##.##
#.......## #...#
##..#
.........####.#.#
##..##
..........##..###
....#
..........#..##
##..#
......9@....##
##..#
.......∩...##
##..#
...........# #..#
#.........$.#
#..###.).>......#
#.# ##.?.......#
#. ##........#
##.......#


You could see a gargoyle.

Vanquished Creatures
  2 two-headed ogres
  3 death yaks (D:9)
  2 trolls
  A hornet (D:7)
  A wyvern (D:9)
  4 yaks (D:7)
  4 vampire mosquitoes
  4 acid dragons
  3 water moccasins (D:7)
  2 orc warriors
  2 sky beasts (D:8)
  4 black bears
  2 ice beasts
  2 ogres
  3 centaurs
  3 phantoms
  A kobold brigand (D:8)
  2 bullfrogs
  2 scorpions (D:6)
  A necrophage (D:7)
  5 wights (D:8)
  A jelly (D:6)
  13 killer bees
  6 howler monkeys
  5 electric eels (D:9)
  4 hounds
  7 orc priests
  Crazy Yiuf (D:7)
  2 iguanas
  4 orc wizards
  2 hell rats (D:9)
  9 adders
  2 white imps
  An ufetubus (D:6)
  2 dart slugs
  32 orcs
  11 endoplasms
  3 giant cockroaches
  10 goblins
  6 hobgoblins
  7 jackals
  2 quokkas
  6 ball pythons
  4 bats
  5 frilled lizards
  11 kobolds
  2 rats
211 creatures vanquished.

Vanquished Creatures (others)
  13 plants
13 creatures vanquished.

Grand Total: 224 creatures vanquished

Notes
Turn   | Place    | Note
-------+----------+-------------------------------------------
     0 | D:1      | Bruhh the Gargoyle Fighter began the quest for the Orb.
     0 | D:1      | Reached XP level 1. HP: 14/14 MP: 1/1
   190 | D:1      | Reached XP level 2. HP: 7/19 MP: 2/2
  1325 | D:2      | Reached XP level 3. HP: 24/24 MP: 3/3
  1444 | D:2      | Reached skill level 3 in Maces & Flails
  1507 | D:2      | Found a glowing golden altar of the Shining One.
  1552 | D:2      | Became a worshipper of the Shining One
  2464 | D:3      | Reached XP level 4. HP: 30/30 MP: 4/4
  3153 | D:4      | Noticed a black bear
  3166 | D:4      | Killed a black bear
  3167 | D:4      | Reached skill level 5 in Fighting
  3167 | D:4      | Reached skill level 4 in Maces & Flails
  3167 | D:4      | Reached XP level 5. HP: 9/35 MP: 5/5
  3180 | D:4      | HP: 1/35 [kobold/+0 whip (2)]
  3527 | D:3      | Identified 2 scrolls of acquirement
  3539 | D:3      | Acquired a manual of Evocations
  3543 | D:3      | Acquired 1360 gold pieces
  3990 | D:4      | Reached XP level 6. HP: 33/40 MP: 6/6
  4175 | D:4      | Noticed a black bear
  4178 | D:4      | Found a staircase to the Ecumenical Temple.
  4182 | D:4      | Killed a black bear
  4188 | D:4      | Gained mutation: You possess an exceptional clarity of
                  | mind. [potion of mutation]
  4188 | D:4      | Gained mutation: You have a pair of small horns on your
                  | head. [potion of mutation]
  4191 | D:4      | Reached skill level 5 in Maces & Flails
  4211 | Temple   | Entered the Ecumenical Temple
  4582 | D:4      | Reached XP level 7. HP: 47/47 MP: 7/7
  4859 | D:5      | Entered Level 5 of the Dungeon
  4993 | D:5      | Reached * piety under the Shining One
  5262 | D:5      | Reached skill level 6 in Maces & Flails
  5790 | D:5      | Reached XP level 8. HP: 54/54 MP: 8/8
  5864 | D:5      | Found the +4 robe of Augmentation {Str+4 Int+4 Dex+4}
  6394 | D:6      | Reached skill level 7 in Maces & Flails
  6725 | D:6      | Found an ornate altar of the Wu Jian Council.
  6987 | D:6      | Reached skill level 8 in Maces & Flails
  7033 | D:6      | Reached XP level 9. HP: 60/60 MP: 9/9
  7611 | D:7      | Reached skill level 10 in Fighting
  7696 | D:7      | Found a runed translucent door.
  7697 | D:7      | Noticed Crazy Yiuf
  7853 | D:7      | Reached skill level 9 in Maces & Flails
  7853 | D:7      | Reached skill level 1 in Invocations
  7928 | D:7      | Reached ** piety under the Shining One
  7928 | D:7      | Noticed a hornet
  7990 | D:7      | Killed a hornet
  8253 | D:7      | Reached skill level 10 in Maces & Flails
  8351 | D:7      | Reached skill level 5 in Invocations
  8351 | D:7      | Reached XP level 10. HP: 63/68 MP: 13/13
  8713 | D:7      | Killed Crazy Yiuf
 10025 | D:9      | Noticed a two-headed ogre
 10033 | D:9      | Killed a two-headed ogre
 10527 | D:9      | Noticed a death yak
 10552 | D:9      | Killed a death yak
 10553 | D:9      | Reached skill level 10 in Invocations
 10705 | D:9      | Found a staircase to the Lair.
 10706 | D:9      | Noticed a death yak
 10937 | D:9      | Killed a death yak
 10938 | D:9      | Reached XP level 11. HP: 66/72 MP: 18/18
 10964 | D:9      | Noticed a death yak
 10981 | D:9      | Killed a death yak
 10982 | D:9      | Reached skill level 5 in Armour
 11029 | D:9      | Reached *** piety under the Shining One
 11716 | D:10     | Entered Level 10 of the Dungeon
 11786 | D:10     | Noticed a two-headed ogre
 12372 | D:10     | Reached skill level 11 in Maces & Flails
 12808 | D:10     | Killed a two-headed ogre
 13139 | D:10     | Found Bautsud's Magic Scroll Boutique.
 13155 | D:10     | Slain by a gargoyle

Illustrated notes

Levels and vault maps discovered:
D:1:      nicolae_arrival_somewhat_less_tricky_arrival, layout_loops_ring,
          serial_bayou, serial_bayou_crossing, serial_bayou_pond_d,
          serial_bayou_pond_c, serial_bayou_shore_b
D:2:      layout_loops_cross, basic_altar
D:3:      layout_basic, guppyfry_early_orc_mine
D:4:      layout_cave_pools, minmay_temple_entry_glass
D:5:      layout_basic, kennysheep_dice
D:6:      layout_loops_corners, mainiacjoe_overflow_small_starburst,
          ebering_dispersal_statue_hall
D:7:      layout_loops_ring, minivault_5, uniq_crazy_yiuf_cottage
D:8:      layout_rooms
D:9:      layout_roguey, dpeg_lair_monsters, enter_bailey_3, chequers_big_river
D:10:     layout_cave_pods, serial_shops, shop, nicolae_looking_at_the_future
Temple:   nicolae_temple_the_god_donut

Skill      XL: |  1  2  3  4  5  6  7  8  9 10 11 |
---------------+----------------------------------+-----
Fighting       | 4 5 6 7 9 10 | 10.0
Maces & Flails | 3 4 5 6 8 10 11 | 11.4
Invocations    | 5 10 | 10.0
Armour         | 4 7 |  7.0
Shields        | |  3.2

Action                   |  1- 3 |  4- 6 |  7- 9 | 10-12 || total
-------------------------+-------+-------+-------+-------++-------
Melee: Flail             |    93 |   134 |   252 |   264 ||   743
       Headbutt          |       |     2 |    39 |    68 ||   109
Throw: Dart              |       |       |       |     9 ||     9
  Use: Scroll            |       |    14 |     1 |     8 ||    23
       Potion            |       |     9 |     3 |     6 ||    18
Armor: Scale mail        |    44 |   119 |     2 |       ||   165
       Chain mail        |       |       |   140 |   212 ||   352
       Skin              |       |       |    14 |       ||    14
Dodge: Dodged            |    36 |    83 |    84 |   115 ||   318
Block: Buckler           |    14 |    35 |    51 |    58 ||   158

Table legend: (Time is in decaauts)
 A = Elapsed time spent in this place.
 B = Non-inter-level travel time spent in this place.
 C = Inter-level travel time spent in this place.
 D = Time resting spent in this place.
 E = Time spent auto-exploring this place.
 F = Levels seen in this place.
 G = Mean time per level.
                   A        B        C        D        E       F      G
               +--------+--------+--------+--------+--------+-----+--------+
         Total |  13230 |  12526 |    704 |   2310 |   8140 |  11 | 1202.7 |
       Dungeon |  12948 |  12244 |    704 |   2310 |   7873 |  10 | 1294.8 |
        Temple |    281 |    281 |      0 |      0 |    267 |   1 |  281.0 |
               +--------+--------+--------+--------+--------+-----+--------+

Top non-repeatable levels by time:
     D:9: 2093 daAuts
     D:7: 1870 daAuts
     D:3: 1613 daAuts
     D:5: 1577 daAuts
     D:1: 1334 daAuts
     D:6: 1056 daAuts
     D:2: 1015 daAuts
     D:8: 991 daAuts
     D:4: 753 daAuts
    D:10: 641 daAuts
  Temple: 281 daAuts
